 Dungeon Crawl Stone Soup version 0.30.0-5-g1a98f26d00 (webtiles) character file.

Game seed: 12047251960802783909

896 hawla the Twirler (level 8, -7/85 HPs)
             Began as a Meteoran Fire Elementalist on May 10, 2023.
             Splashed by a jelly's acid (10 damage)
             ... on level 6 of the Dungeon.
             The game lasted 00:07:48 (1962 turns).

hawla the Twirler (Meteoran Fire Elementalist)      Turns: 1962, Time: 00:07:49

Health: -7/85      AC:  2    Str: 10    XL:     8   Next: 52%
Magic:  2/13       EV: 12    Int: 18    God:
Gold:   137        SH:  0    Dex: 15    Spells: 6/13 levels left

rFire   . . .        g - +0 quarterstaff
rCold   . . .        (shield currently unavailable)
rNeg    . . .        a - +0 robe
rPois   .            (no helmet)
rElec   .            (no cloak)
rCorr   .            (no gloves)
SInv    .            (no boots)
Will    +....        (no amulet) Stlth
                     (no ring)
HPRegen 0.34/turn    (no ring)
MPRegen 0.13/turn

%: no passive effects
@: berserking, very slightly contaminated, glowing, very quick
A: sense surroundings 1, otherworldly, glowing, explore regen
a: no special abilities


You were on level 6 of the Dungeon.
You visited 1 branch of the dungeon, and saw 6 of its levels.

You collected 137 gold pieces.

Inventory:

Hand Weapons
 g - a +0 quarterstaff (weapon)
Armour
 a - a +0 robe (worn)
Magical Staves
 i - a staff of fire
Scrolls
 b - a scroll of teleportation {unknown}
 h - a scroll of identify
 j - a scroll of blinking {unknown}
 k - 2 scrolls of fear {unknown}
 n - a scroll of fog {unknown}
Potions
 c - 3 potions of lignification
 d - a potion of flight
 f - a potion of invisibility {unknown}
 l - a potion of haste {unknown}
 m - a potion of mutation {unknown}


   Skills:
 + Level 7.9 Staves
 - Level 2.6 Dodging
 - Level 1.4 Stealth
 - Level 3.2 Spellcasting
 - Level 4.8 Conjurations
 - Level 4.8 Fire Magic
 - Level 3.0 Evocations


You had 6 spell levels left.
You knew the following spells:

 Your Spells              Type           Power      Damage    Failure   Level
a - Foxfire               Conj/Fire      80%        2x1d8     2%          1
b - Scorch                Fire           40%        2d7       3%          2
c - Flame Wave            Conj/Fire      20%        2d7       22%         4

Your spell library contained the following spells:

 Spells                   Type           Power      Damage    Failure   Level
 Inner Flame              Hex/Fire       11%        N/A       19%         3
 Volatile Blastmotes      Fire/Tloc      22%        2d11      19%         3
 Portal Projectile        Hex/Tloc       4%         N/A       43%         3
 Tukima's Dance           Hex            2%         N/A       43%         3
 Animate Armour           Summ/Erth      4%         N/A       85%         4
 Blade Hands              Tmut           1%         N/A       99%         5
 Iron Shot                Conj/Erth      5%         9d2       100%        6


Dungeon Overview and Level Annotations

Branches:
Dungeon (6/15) Zot: 1634
 Temple: D:4-7

Altars:
Cheibriados
Gozag
Kikubaaqudgha
Trog
Yredelemnul
The Shining One


Innate Abilities, Weirdness & Mutations

You passively map a small area around you.
You are easily found by Zot.
You glow in the dark.
You regain HP and MP as you explore.


Message History

The flame wave engulfs the orc warrior!
The orc warrior is moderately wounded.
You finish channelling waves of flame.
You hear a shout! x2
The jelly hits you.
You are splashed with acid.
An orc comes into view. It is wielding a +0 club.
The orc warrior hits you with a +0 battleaxe!!
Casting: Flame Wave (quite dangerous; 22% risk of failure)
Confirm with . or Enter, or press ? or * to list all spells.
Flames lash the orc warrior.
The orc warrior is moderately wounded.
The orc warrior's fire resistance burns away.
A centaur comes into view.
The orc warrior barely misses you. The jelly hits you but does no damage.
Casting: Scorch (safe; 3% risk of failure)
Confirm with . or Enter, or press ? or * to list all spells.
The spell is quite dangerous to miscast (22% risk of failure)!
Continue anyway?
Casting: Flame Wave (quite dangerous; 22% risk of failure)
Press: ? - help, Dir - look around, f - activate You miscast Flame Wave.
You are very lightly contaminated with residual magic.
You are caught in a fiery explosion!
* * * LOW HITPOINT WARNING * * *
The jelly hits you but does no damage.
The orc warrior hits you with a +0 battleaxe!
* * * LOW HITPOINT WARNING * * *
As you read the scroll labelled WOSEL ANUNAEWI, it crumbles to dust.
It is a scroll of identify.
d - a potion of flight The orc warrior hits you with a +0 battleaxe.
* * * LOW HITPOINT WARNING * * *
The jelly barely misses you.
It was a potion of berserk rage.
A red film seems to cover your vision as you go berserk!
You feel yourself moving faster!
You feel mighty!
The orc warrior is no longer more vulnerable to fire.
The jelly hits you.
* * * LOW HITPOINT WARNING * * *
You are splashed with acid!
You die...

* ............#
* ...........#
, ,..........#
* *
,.........#, *
, ........#. *
, , *
,......... , *
, ,, #)J...##.
* , , #@.......
#>.....)o......
*
#...#.#........
, ##
.o.#...c....
,... #.......#*
, #...
#........ , *
#.. ,#......##
#.. #......# *
, ,


You could see an orc warrior, a centaur, a jelly and an orc wizard.

Vanquished Creatures
  A water moccasin (D:5)
  An ice beast (D:5)
  An ogre (D:5)
  2 phantoms
  A jelly (D:5)
  An orc priest (D:5)
  2 hounds
  2 iguanas
  2 orc wizards (D:6)
  8 adders
  11 gnolls
  4 adder zombies (D:2)
  5 orcs
  A bat (D:1)
  4 endoplasms
  A giant cockroach (D:2)
  A goblin (D:4)
  A hobgoblin (D:3)
  4 jackals (D:4)
  7 kobolds
  A quokka (D:2)
  A ball python (D:4)
  A ball python zombie (D:2)
  A frilled lizard (D:3)
  2 rats (D:2)
66 creatures vanquished.

Vanquished Creatures (collateral kills)
  A foxfire (D:4)
1 creature vanquished.

Vanquished Creatures (others)
  126 foxfires
126 creatures vanquished.

Grand Total: 193 creatures vanquished

Notes
Turn   | Place    | Note
-------+----------+-------------------------------------------
     0 | D:1      | hawla the Meteoran Fire Elementalist began the quest for
                  | the Orb.
     0 | D:1      | Reached XP level 1. HP: 14/14 MP: 5/5
    87 | D:2      | Reached XP level 2. HP: 15/20 MP: 1/6
    90 | D:2      | Learned a level 2 spell: Scorch
   139 | D:2      | Reached XP level 3. HP: 26/26 MP: 2/8
   397 | D:3      | Reached XP level 4. HP: 33/33 MP: 6/9
   402 | D:3      | Learned a level 4 spell: Flame Wave
   425 | D:4      | Found a snail-covered altar of Cheibriados.
   471 | D:4      | Found an ancient bone altar of Kikubaaqudgha.
   531 | D:4      | Reached XP level 5. HP: 38/38 MP: 6/10
   673 | D:4      | Reached XP level 6. HP: 37/45 MP: 7/11
   815 | D:4      | Reached skill level 2 in Staves
   899 | D:4      | Found a basalt altar of Yredelemnul.
   904 | D:4      | Noticed a profane servitor
   941 | D:4      | Found a glowing golden altar of the Shining One.
   943 | D:4      | Noticed an angel
  1029 | D:5      | Entered Level 5 of the Dungeon
  1065 | D:5      | Reached XP level 7. HP: 36/50 MP: 2/12
  1183 | D:5      | Reached skill level 3 in Staves
  1210 | D:5      | Noticed a water moccasin
  1216 | D:5      | Killed a water moccasin
  1217 | D:5      | Reached skill level 4 in Staves
  1278 | D:5      | Reached skill level 5 in Staves
  1314 | D:5      | Reached XP level 8. HP: 45/57 MP: 1/13
  1478 | D:5      | Reached skill level 6 in Staves
  1552 | D:5      | Found an opulent altar of Gozag.
  1552 | D:5      | Found a bloodstained altar of Trog.
  1596 | D:5      | Reached skill level 7 in Staves
  1962 | D:6      | HP: 3/85 [jelly (2)]
  1962 | D:6      | Splashed by a jelly's acid

Illustrated notes

Levels and vault maps discovered:
D:1:      lightli_arrival_quake, layout_loops_ring,
          shapermc_ecumenical_altar_venn, lexackson_kobold_supper
D:2:      minmay_alternating_diamond, layout_loops_corners, serial_undead,
          serial_undead_b, serial_undead_f, serial_undead_e, serial_undead_e,
          serial_undead_a, serial_undead_a, serial_undead_c
D:3:      layout_loops_ring, serial_shops,
          nicolae_shop_temple_entry_statues_fountains, nrook_mini_vaults,
          nicolae_elevator_lobby_plus, uniq_jessica, uniq_natasha
D:4:      layout_basic, grunt_temple_overflow_holy_war,
          mainiacjoe_overflow_24_doors, nicolae_overflow_hidden_temple,
          minmay_misc_feat_encased, serial_bayou_ford_a
D:5:      layout_loops_corners, nicolae_overflow_two_pavilions,
          columned_hall_lemuel
D:6:      layout_basic, minmay_temple_entry_proselytizer, serial_shops,
          shop_fountains, fountainhead, minivault_4

Skill      XL: |  1  2  3  4  5  6  7  8 |
---------------+-------------------------+-----
Fire Magic     | 4 |  4.8
Spellcasting   | 3 |  3.2
Conjurations   | 3 4 |  4.8
Staves         | 2 5 7 |  7.9
Evocations     | 3 |  3.0
Dodging        | |  2.6
Stealth        | |  1.4

Action                     |  1- 3 |  4- 6 |  7- 9 || total
---------------------------+-------+-------+-------++-------
  Melee: Unarmed           |     2 |       |       ||     2
         Staff             |       |     1 |       ||     1
         Quarterstaff      |       |     4 |    20 ||    24
   Cast: Foxfire           |    27 |    27 |    27 ||    81
         Scorch            |     8 |    13 |    20 ||    41
         Flame Wave        |       |     3 |     1 ||     4
    Use: Scroll            |     1 |       |     1 ||     2
         Potion            |       |     1 |     2 ||     3
 Armour: Robe              |     4 |     1 |     7 ||    12
         Skin              |       |       |    11 ||    11
  Dodge: Dodged            |     3 |     9 |    13 ||    25
